 Dungeon Crawl Stone Soup version 0.30-a0-737-gf23d94013f (webtiles) character file.

Game seed: 2959746040865544898

335 Essalna the Stinger (level 6, 0/47 HPs)
             Began as a Demonspawn Venom Mage on Feb 2, 2023.
             Slain by an orc
             ... wielding a +0 hand axe
              (5 damage)
             ... on level 3 of the Dungeon.
             The game lasted 00:05:09 (2493 turns).

Essalna the Stinger (Demonspawn Venom Mage)         Turns: 2493, Time: 00:05:09

Health: 0/47       AC:  7    Str:  9    XL:     6   Next: 28%
Magic:  9/9        EV: 12    Int: 18    God:
Gold:   155        SH:  0    Dex: 19    Spells: 8/9 levels left

rFire   . . .      SeeInvis .    o - +4 mace "Qocreall" {flame, rPois Will++}
rCold   . . .      Faith    .    (no shield)
rNeg    . . .      Spirit   .    g - +0 troll leather armour
rPois   +          Reflect  .    (no helmet)
rElec   .          Harm     .    p - +0 cloak
rCorr   .          Rampage  .    (no gloves)
Will    ++...                    (no boots)
Stlth   ++                       (no amulet)
HPRegen 1.07/turn                w - +6 ring of dexterity
MPRegen 0.11/turn                (no ring)

@: no status effects
A: icy blue scales 1, demonic touch 2
a: no special abilities


You were on level 3 of the Dungeon.
You visited 1 branch of the dungeon, and saw 4 of its levels.

You collected 155 gold pieces.

Inventory:

Hand Weapons
 c - a +2 dagger of flaming
 o - the +4 mace "Qocreall" (weapon) {flame, rPois Will++}
   (You found it on level 2 of the Dungeon)

   rPois:     It protects you from poison.
   Will:      It greatly increases your willpower.
 x - a +0 rapier of venom
Missiles
 q - a throwing net
Armour
 a - a +0 robe
 g - a +0 troll leather armour (worn)
 p - a +0 cloak (worn)
 v - a scarf of invisibility
Jewellery
 w - a +6 ring of dexterity (left hand)
Scrolls
 d - 4 scrolls of immolation
 e - 2 scrolls of enchant armour {unknown}
 f - a scroll of magic mapping {unknown}
 h - 4 scrolls of amnesia {unknown}
 k - a scroll of blinking {unknown}
 m - 2 scrolls of identify {unknown}
 s - a scroll of enchant weapon {unknown}
 t - a scroll of noise {unknown}
Potions
 b - a potion of magic
 i - a potion of invisibility {unknown}
 j - 3 potions of degeneration {unknown}
 l - a potion of ambrosia {unknown}
 n - a potion of haste {unknown}
 r - a potion of heal wounds {unknown}
 u - a potion of might {unknown}


   Skills:
 + Level 3.5 Fighting
 + Level 2.0 Armour
 + Level 2.8 Dodging
 - Level 1.7 Stealth
 - Level 2.0 Spellcasting
 - Level 0.8 Transmutations
 + Level 4.8 Poison Magic


You had 8 spell levels left.
You knew the following spells:

 Your Spells              Type           Power      Damage    Failure   Level
a - Sting                 Tmut/Pois      48%        1d5       8%          1

Your spell library contained the following spells:

 Spells                   Type           Power      Damage    Failure   Level
 Poisonous Vapours        Pois/Air       20%        N/A       14%         2
 Olgreb's Toxic Radiance  Pois           19%        N/A       34%         4
 Mephitic Cloud           Conj/Pois/Air  7%         N/A       36%         3
 Dazzling Flash           Conj/Hex       2%         N/A       58%         3
 Iskenderun's Mystic Bla  Conj/Tloc      1%         2d3       94%         4
 Starburst                Conj/Fire      0%         6d3       100%        6


Dungeon Overview and Level Annotations

Branches:
Dungeon (4/15)
 Temple: D:4-7

Altars:


Innate Abilities, Weirdness & Mutations

You are partially covered in icy blue scales. (AC +2)
Your touch may inflict irresistible damage on your foes.


Message History

You kill the gnoll!
No target in view!
Items here: )) ††.
Things that are here:
a +0 club; a +0 robe; a gnoll corpse
Items here: )) ††.
There is a stone staircase leading down here.
You start resting.
HP restored.
You climb downwards.
The gnoll hits you with a +0 flail. The gnoll hits you with a +0 club!
The orc hits you but does no damage. The gnoll barely misses you.
The gnoll misses you. The orc hits you with a +0 hand axe.
The gnoll hits you with a +0 club.
There is a stone staircase leading up, spattered with blood here.
The gnoll hits you with a +0 whip. The orc closely misses you.
The gnoll hits you with a +0 flail! The orc closely misses you.
The gnoll closely misses you.
You climb upwards.
There is a stone staircase leading down here.
You are too injured to fight recklessly!
You are too injured to fight recklessly!
You are too injured to fight recklessly!
You are too injured to fight recklessly!
You closely miss the orc. The gnoll hits you with a +0 whip.
The orc hits you but does no damage. The orc misses you. The gnoll misses you.
The gnoll barely misses you. x2
You closely miss the orc.
You touch the orc!
You kill the orc!
The gnoll hits you with a +0 flail. The gnoll closely misses you.
The orc misses you. The gnoll hits you with a +0 whip.
Your Armour skill increases to level 2!
You hit the gnoll but do no damage.
You touch the gnoll!
The gnoll is almost dead.
The gnoll hits you with a +0 flail!
* * * LOW HITPOINT WARNING * * *
The gnoll closely misses you. The orc closely misses you.
The gnoll hits you with a +0 whip.
* * * LOW HITPOINT WARNING * * *
The gnoll hits you but does no damage. The gnoll closely misses you.
The orc hits you with a +0 hand axe.
You die...

...÷.......#.###########.........
.............#..............#####
...............####.....##### ##.
....................###########..
.....).........###### #.........
######....#).#(.....# ##.#####..#
######..###....<....###..# #.##
..).....# #)##.g........## #.#
.>###..## #.##.g@)..##### #.#
..##...# #.##.og.)...## #.#
####.#.# #)###.....#..# #.#
##.#.# #.# #......#)## #.#
###..#.# #.# #.......).## ##.#
#...##.# ##.# #######....####..##
..####.###..# ###...##..##. .##
#.##)<## #.#.)...... .# #.#.>##
#)####.###.


You could see 3 gnolls and an orc.

Vanquished Creatures
  2 orc priests (D:3)
  A gnoll bouda (D:3)
  An orc wizard (D:3)
  4 adders
  8 gnolls
  A worm (D:2)
  7 dart slugs
  11 orcs
  6 ball pythons
  4 endoplasms
  2 giant cockroaches (D:1)
  9 goblins
  5 hobgoblins
  5 jackals
  2 quokkas
  5 bats
  2 frilled lizards
  2 kobolds
  9 rats
86 creatures vanquished.

Notes
Turn   | Place    | Note
-------+----------+-------------------------------------------
     0 | D:1      | Essalna the Demonspawn Venom Mage began the quest for the
                  | Orb.
     0 | D:1      | Reached XP level 1. HP: 13/13 MP: 3/3
   209 | D:1      | Reached skill level 1 in Fighting
   250 | D:1      | Gained mutation: Your touch may inflict minor irresistible
                  | damage on your foes. [demonic ancestry]
   250 | D:1      | Reached XP level 2. HP: 20/21 MP: 1/5
   547 | D:1      | Gained mutation: You are partially covered in icy blue
                  | scales. (AC +2) [demonic ancestry]
   547 | D:1      | Reached XP level 3. HP: 27/27 MP: 6/6
  1073 | D:2      | Reached skill level 4 in Poison Magic
  1104 | D:2      | Found a faded altar of an unknown god.
  1128 | D:2      | Gained mutation: Your touch may inflict irresistible damage
                  | on your foes. [demonic ancestry]
  1128 | D:2      | Reached XP level 4. HP: 33/34 MP: 7/7
  1312 | D:2      | Identified the +4 mace "Qocreall" {flame, rPois Will++}
  1906 | D:3      | Reached XP level 5. HP: 40/40 MP: 8/8
  1963 | D:2      | Reached skill level 1 in Armour
  2371 | D:3      | Reached XP level 6. HP: 33/47 MP: 3/9
  2493 | D:3      | Slain by an orc

Illustrated notes

Levels and vault maps discovered:
D:1:      minmay_arrival_jagged, layout_basic, dreamdust_princess_bridge,
          reono_crystal_passage
D:2:      layout_basic, serial_rivers, chequers_serial_rivers_micro_c,
          chequers_serial_rivers_marsh, chequers_serial_rivers_micro_b,
          chequers_serial_rivers_micro_d, chequers_serial_rivers_room_a,
          chequers_serial_rivers_micro_b, hellmonk_ecumenical_altar_blasted
D:3:      layout_rooms
D:4:      layout_rooms, guppyfry_early_orc_mine, uniq_robin

Skill      XL: |  1  2  3  4  5  6 |
---------------+-------------------+-----
Fighting       | 1 2 3 |  3.5
Poison Magic   | 4 |  4.8
Dodging        | 2 |  2.8
Armour         | 1 2 |  2.0
Stealth        | |  1.7
Spellcasting   | |  2.0
Transmutations | |  0.8

Action                     |  1- 3 |  4- 6 || total
---------------------------+-------+-------++-------
  Melee: Dagger            |    86 |    13 ||    99
         Touch             |    12 |    15 ||    27
         Mace              |       |    60 ||    60
   Cast: Sting             |    16 |    23 ||    39
   Stab: Sleeping          |     1 |     1 ||     2
 Armour: Troll leather arm |    33 |    37 ||    70
         Robe              |     4 |       ||     4
  Dodge: Dodged            |    60 |    59 ||   119

Table legend: (Time is in decaauts)
 A = Elapsed time spent in this place.
 B = Non-inter-level travel time spent in this place.
 C = Inter-level travel time spent in this place.
 D = Time resting spent in this place.
 E = Time spent auto-exploring this place.
 F = Levels seen in this place.
 G = Mean time per level.
                   A        B        C        D        E       F      G
               +--------+--------+--------+--------+--------+-----+--------+
         Total |   2520 |   2349 |    171 |     75 |   1644 |   4 |  630.0 |
       Dungeon |   2520 |   2349 |    171 |     75 |   1644 |   4 |  630.0 |
               +--------+--------+--------+--------+--------+-----+--------+

Top non-repeatable levels by time:
     D:1: 869 daAuts
     D:2: 860 daAuts
     D:3: 761 daAuts
     D:4: 29 daAuts
